 Dungeon Crawl Stone Soup version 0.22-a0-322-g60b3cfd (webtiles) character file.

142 Anon1729 the Digger (level 5, 0/31 HPs)
             Began as an Octopode Earth Elementalist on Apr 5, 2018.
             Slain by an ooze (2 damage)
             ... on level 3 of the Dungeon.
             The game lasted 00:04:20 (2460 turns).

Anon1729 the Digger (Octopode Earth Elementalist)   Turns: 2460, Time: 00:04:20

Health: 0/31       AC:  1    Str:  7    XL:     5   Next: 24%
Magic:  8/9        EV: 14    Int: 19    God:
Gold:   83         SH:  0    Dex: 12    Spells: 8/9 levels left

rFire    . . .     SeeInvis .   g - -2 dagger (curse)
rCold    . . .     Gourm    .   (no shield)
rNeg     . . .     Faith    .   (helmet restricted)
rPois    .         Spirit   .   (no amulet)
rElec    .         Reflect  .   (no ring)
rCorr    .         Harm     .   (no ring)
MR       .....                  (no ring)
Stlth    +++.......             (no ring)
HPRegen  0.10/turn              (no ring)
MPRegen  0.11/turn              (no ring)
                                (no ring)
                                (no ring)

@: no status effects
A: almost no armour, stealthy swim, amphibious, 8 rings, constrict 8, camouflage
1, gelatinous body 1
a: no special abilities


You were on level 3 of the Dungeon.
You were not hungry.

You visited 1 branch of the dungeon, and saw 3 of its levels.

You collected 83 gold pieces.

Inventory:

Hand Weapons
 g - a cursed -2 dagger (weapon)
Missiles
 b - 100 stones (quivered)
Scrolls
 f - 2 scrolls of teleportation
 j - a scroll of fear
 k - a scroll of amnesia
 l - a scroll of fog {unknown}
 m - a scroll of magic mapping
 n - a scroll of remove curse {unknown}
 q - a scroll of noise {unknown}
 s - a scroll of enchant armour {unknown}
Potions
 a - 2 potions of curing {unknown}
 d - 2 potions of heal wounds {unknown}
 e - a potion of flight {unknown}
 h - a potion of haste {unknown}
 o - a potion of resistance {unknown}
 p - a potion of brilliance {unknown}
Comestibles
 c - 4 rations
 r - a chunk of flesh


   Skills:
 - Level 0.1 Fighting
 - Level 1.0 Short Blades
 + Level 2.8 Dodging
 + Level 3.8 Stealth
 - Level 1.1 Unarmed Combat
 + Level 2.9 Spellcasting
   Level 1.0 Transmutations
 + Level 3.8 Earth Magic


You had 8 spell levels left.
You knew the following spells:

 Your Spells              Type           Power        Failure   Level  Hunger
a - Sandblast             Erth           ###...       3%          1    None


Dungeon Overview and Level Annotations

Branches:
Dungeon (3/15)

Altars:
Qazlal


Innate Abilities, Weirdness & Mutations

You cannot wear most types of armour.
You are very stealthy in the water. (Stealth+)
You are amphibious.
You can wear up to eight rings at the same time.
You can use your tentacles to constrict eight enemies at once.
Your skin changes colour to match your surroundings (Stealth+).
Your rubbery body absorbs attacks. (AC +1, EV +1)


Message History

Orders for allies: a - Attack new target. p - Attack previous target. r - Retreat! s - Stop attacking. g - Guard the area. f - Follow me.
Anything else - Cancel.
Gang up on whom?
Press: ? - help, Dir - move target cursor, f/p - ooze
Aim: an ooze (lightly wounded) Attack!
The ooze hits you.
* * * LOW HITPOINT WARNING * * *
What are your orders? t - Shout!
Orders for allies: a - Attack new target. p - Attack previous target. r - Retreat! s - Stop attacking. g - Guard the area. f - Follow me.
Anything else - Cancel.
Gang up on whom?
Press: ? - help, Dir - move target cursor, f/p - ooze
Aim: an ooze (lightly wounded) Attack!
The ooze hits you.
You die...

.$.......##.#.#........ # #.
#................## #.
#.##...................
###.##......$...........####
.....................(.....
$.................g....?###
####...>......##.#######..)
..............##J# ##.#
###..)......##@# ..
#####.........#..#
....#.....#.#...##
..#.##..###...... ....#...#
##...... ##.....## #......
#..............
#..............
#...........#


You could see an ooze.

Vanquished Creatures
  An orc priest (D:2)
  An iguana (D:3)
  3 adders
  A leopard gecko (D:1)
  3 orcs (D:2)
  4 giant cockroaches
  5 hobgoblins
  4 jackals (D:1)
  10 kobolds
  A ball python (D:2)
  7 bats
  5 frilled lizards
  4 goblins
  10 rats
59 creatures vanquished.

Notes
Turn   | Place    | Note
-------+----------+-------------------------------------------
     0 | D:1      | Anon1729 the Octopode Earth Elementalist began the quest for the Orb.
     0 | D:1      | Reached XP level 1. HP: 11/11 MP: 3/3
   211 | D:1      | Reached XP level 2. HP: 6/17 MP: 1/5
   758 | D:1      | Reached XP level 3. HP: 11/21 MP: 1/6
  1266 | D:2      | Reached skill level 1 in Unarmed Combat
  1588 | D:2      | Reached XP level 4. HP: 6/27 MP: 0/8
  2193 | D:2      | Found a stormy altar of Qazlal.
  2425 | D:3      | Reached XP level 5. HP: 6/31 MP: 4/9
  2455 | D:3      | Reached skill level 1 in Short Blades
  2460 | D:3      | Slain by an ooze

Vault maps used:
D:1:      tarquinn_simple_flora_water_f
D:2:      cheibrodos_pilgrimage, grunt_qazlal_sundering
D:3:      gammafunk_temple_overflow_elements, marbit_many_paths,
          grunt_decor_resistance

Skill      XL: |  1  2  3  4  5 |
---------------+----------------+-----
Stealth        | 3 |  3.8
Unarmed Combat | 1 |  1.1
Short Blades   | 1 |  1.0
Fighting       | |  0.1
Dodging        | |  2.8
Spellcasting   | |  2.9
Transmutations | |  1.0
Earth Magic    | |  3.8

Action                   |  1- 3 |  4- 6 || total
-------------------------+-------+-------++-------
Melee: Unarmed           |    41 |       ||    41
       Constrict         |    15 |    11 ||    26
       Tentacles         |     9 |     5 ||    14
       Dagger            |    27 |    48 ||    75
 Cast: Sandblast         |    25 |     8 ||    33
  Use: Scroll            |       |     4 ||     4
 Stab: Sleeping          |     5 |     5 ||    10
  Eat: Chunk             |     2 |     3 ||     5
Armor: Skin              |     7 |     5 ||    12
Dodge: Dodged            |    57 |    35 ||    92

Table legend:
 A = Spawn XP
 B = Non-spawn XP
 C = Spawn XP percentage of total XP
 D = Spawn monster count
 E = Non-spawn monster count
 F = Spawn count percentage of total count
 G = Total turns spent on level
                    A         B        C        D         E        F      G
               +---------+---------+-------+---------+---------+-------+---------
         Total |       0 |     203 |   0.0 |       0 |      59 |   0.0 |  2460
               +---------+---------+-------+---------+---------+-------+---------
           D:1 |       0 |      46 |   0.0 |       0 |      29 |   0.0 |  1250
           D:2 |       0 |      96 |   0.0 |       0 |      20 |   0.0 |  1131
           D:3 |       0 |      61 |   0.0 |       0 |      10 |   0.0 |    79
               +---------+---------+-------+---------+---------+-------+---------
